AoeStats
← Era8812

Arena

510146929Analyzed
1v1 RM · 3d ago on Sep 29, 2026· 43m 44s· 2 players
Game mode
Random Map
Map size
Tiny (2 player)
Population
200
Speed
Normal
Resources
Standard
Victory
Conquest
Starting age
Dark Age
Ending age
Imperial Age
RankedLock teamsTeams togetherTeam positionsShared explorationLock speedFull tech treeHidden civsTurbo modeCheats
Victory
Defeat
🇹🇷 Khmer · Türkiye
573
+13
🇫🇷 Celts · France
514
-17
jess.coutelan
0:47 Loom
13:05 Feudal Age
14:24 Wheelbarrow
13:57 Horse Collar
15:20 Double-Bit Axe
22:48 Castle Age
21:20 Forging
21:12 Scale Mail Armor
22:05 Padded Archer Armor
21:56 Fletching
23:06 Scale Barding Armor
24:54 Coinage
24:42 Chain Mail Armor
25:03 Iron Casting
24:24 Bodkin Arrow
23:55 Pikeman
25:46 Heavy Plow
26:12 Bow Saw
28:19 Hand Cart
31:41 Leather Archer Armor
31:47 Chain Barding Armor
32:41 Gold Mining
32:41 Stone Mining
35:15 Stone Shaft Mining
35:16 Gold Shaft Mining
35:03 Stronghold
Era8812
11:23 Feudal Age
17:30 Castle Age
15:58 Horse Collar
16:08 Double-Bit Axe
16:36 Stone Mining
17:28 Gold Mining
19:05 Bow Saw
20:33 Heavy Plow
21:46 Pikeman
23:50 Loom
24:41 Wheelbarrow
23:51 Town Watch
28:37 Gold Shaft Mining
28:40 Stone Shaft Mining
31:45 Imperial Age
29:54 Husbandry
29:15 Light Cavalry
30:47 Hand Cart
31:09 Tusk Swords
31:49 Bloodlines
32:41 Forging
34:51 Chemistry
35:38 Iron Casting
34:37 Elite Ballista Elephant
36:35 Halberdier
39:24 Crop Rotation
39:39 Double Crossbow
40:05 Hussar
43:19 Blast Furnace
Connection lost

Rejoining the realm…

Still unreachable

The connection could not be restored.

Session expired

The server has moved on; the page needs a fresh start.